 Dungeon Crawl Stone Soup version 0.30-a0-381-g6ea064c7b4 (webtiles) character file.

Game seed: 3662495916568069935

175 qeuew the Poker (level 5, -1/46 HPs)
             Began as a Minotaur Gladiator on Dec 2, 2022.
             Was a Believer of Qazlal.
             Killed from afar by Ijyb (10 damage)
             ... with a puff of flame
             ... on level 3 of the Dungeon.
             The game lasted 00:02:46 (2325 turns).

qeuew the Poker (Minotaur Gladiator)                Turns: 2325, Time: 00:02:46

Health: -1/46      AC:  3    Str: 20    XL:     5   Next: 29%
Magic:  4/4        EV: 12    Int:  5    God:    Qazlal [**....]
Gold:   75         SH:  3    Dex: 12    Spells: 4/4 levels left

rFire   . . .      SeeInvis .    a - +0 trident
rCold   . . .      Faith    .    (no shield)
rNeg    . . .      Spirit   .    b - +0 leather armour
rPois   .          Reflect  .    c - +0 hat
rElec   .          Harm     .    (no cloak)
rCorr   .          Rampage  .    (no gloves)
Will    .....                    (no boots)
Stlth   +.........               (no amulet)
HPRegen 0.27/turn                (no ring)
MPRegen 0.09/turn                (no ring)

@: no status effects
A: horns 2, retaliatory headbutt
a: Renounce Religion, Upheaval


You were on level 3 of the Dungeon.
You worshipped Qazlal.
Qazlal was pleased with you.
You visited 1 branch of the dungeon, and saw 3 of its levels.
You also visited: Sewer.

You collected 75 gold pieces.

Inventory:

Hand Weapons
 a - a +0 trident (weapon)
Missiles
 d - 3 throwing nets (quivered)
 e - a javelin
Armour
 b - a +0 leather armour (worn)
 c - a +0 hat (worn)
Wands
 m - a wand of digging (4)
Scrolls
 f - a scroll of teleportation
 i - 3 scrolls of identify
 j - a scroll of enchant weapon {unknown}
 k - a scroll of butterflies {unknown}
Potions
 g - 2 potions of haste
 h - 4 potions of flight
 l - a potion of mutation {unknown}
 n - a potion of heal wounds
 o - a potion of curing
 p - a potion of berserk rage {unknown}
 q - a potion of lignification {unknown}


   Skills:
 * Level 4.1 Fighting
 * Level 4.9 Polearms
 + Level 2.6 Throwing
 + Level 1.6 Armour
 + Level 3.8 Dodging
 + Level 1.2 Invocations


You had 4 spell levels left.
You didn't know any spells.
Your spell library contained the following spells:

 Spells                   Type           Power      Damage    Failure   Level
 Iskenderun's Battlesphe  Conj           0%         2d6       100%        5
 Iron Shot                Conj/Erth      0%         9d1       100%        6
 Spellforged Servitor     Conj/Summ      0%         N/A       100%        7


Dungeon Overview and Level Annotations

Branches:
Dungeon (3/15)              Sewer (visited)

Altars:
Qazlal
Ru

Shops:
D:1 [   D:3 =

Annotations:
D:3 Ijyb


Innate Abilities, Weirdness & Mutations

You have a pair of horns on your head.
You reflexively headbutt those who attack you in melee.


Message History

Ijyb zaps a wand.
The puff of flame hits you!
You reach to attack!
You barely miss Ijyb. The bat hits you but does no damage.
Ijyb zaps a wand.
The puff of flame hits you!
You are too injured to fight recklessly!
You are too injured to fight recklessly!
You are too injured to fight recklessly!
You are too injured to fight recklessly!
You are too injured to fight recklessly!
You are too injured to fight recklessly!
You are too injured to fight recklessly!
You are too injured to fight recklessly!
You are too injured to fight recklessly!
You are too injured to fight recklessly!
You are too injured to fight recklessly!
Unknown command.
Reach: a) +0 trident
Press: ? - help, Dir - move target, f/p - Ijyb
Aim: Ijyb, wielding a +0 club, wearing a +0 leather armour and carrying a wand of flame (9) (about 47% to evade your +0 trident)
You reach to attack!
You closely miss Ijyb. You block the bat's attack.
Reach: a) +0 trident
Press: ? - help, Dir - move target, f/p - Ijyb
Aim: Ijyb, wielding a +0 club, wearing a +0 leather armour and carrying a wand of flame (9) (about 47% to evade your +0 trident)
You hit Ijyb but do no damage. The bat closely misses you.
Ijyb hits you with a +0 club.
Unknown command.
Reach: a) +0 trident
Press: ? - help, Dir - move target, f/p - Ijyb
Aim: Ijyb, wielding a +0 club, wearing a +0 leather armour and carrying a wand of flame (9) (sparse dust, about 47% to evade your +0 trident)
You puncture Ijyb! Your headbutt misses Ijyb.
Ijyb is moderately wounded.
The bat closely misses you. Ijyb misses you.
Ijyb zaps a wand.
The puff of flame hits you.
* * * LOW HITPOINT WARNING * * *
Reach: a) +0 trident
Press: ? - help, Dir - move target, f/p - Ijyb
Aim: Ijyb, wielding a +0 club, wearing a +0 leather armour and carrying a wand of flame (8) (sparse dust, moderately wounded, about 47% to evade your +0 trident)
You barely miss Ijyb. Your headbutt misses Ijyb.
Ijyb is moderately wounded.
You block the bat's attack.
Ijyb zaps a wand.
The puff of flame hits you!
You die...

##. .. #.# ..#
#####..
######.....
#......!.g#
#........@#
#.........#
#.......b)##+#[
##.###........#
#.#.'........#
###†#.#.....b..#
###
#.#†#.#........#
..#
#.#.#.#######...
#.# #.....# .##


You could see Ijyb and a bat.

Vanquished Creatures
  A kobold brigand (Sewer)
  2 adders (D:2)
  2 river rats
  A dart slug (D:1)
  An orc (D:3)
  3 bats
  10 endoplasms
  3 giant cockroaches
  2 goblins
  6 hobgoblins
  5 jackals
  4 quokkas
  5 ball pythons
  A frilled lizard (D:3)
  8 kobolds
  6 rats
60 creatures vanquished.

Notes
Turn   | Place    | Note
-------+----------+-------------------------------------------
     0 | D:1      | qeuew the Minotaur Gladiator began the quest for the Orb.
     0 | D:1      | Reached XP level 1. HP: 18/18 MP: 0/0
   105 | D:1      | Found Mistogag's Armour Shoppe.
   136 | D:1      | Found a faded altar of an unknown god.
   146 | D:1      | Prayed at the altar of an unknown god.
   146 | D:1      | Became a worshipper of Qazlal Stormbringer
   146 | D:1      | Reached * piety under Qazlal
   335 | D:1      | Reached XP level 2. HP: 25/25 MP: 1/1
   962 | D:2      | Reached XP level 3. HP: 26/31 MP: 2/2
  1137 | D:2      | Reached ** piety under Qazlal
  1468 | D:2      | Reached skill level 1 in Armour
  1670 | D:3      | Found Imupt's Jewellery Shop.
  1757 | D:3      | Reached XP level 4. HP: 37/38 MP: 3/3
  1821 | D:3      | Found a glowing drain.
  1825 | Sewer    | Entered a sewer
  2011 | Sewer    | Noticed a kobold brigand
  2022 | Sewer    | Killed a kobold brigand
  2023 | Sewer    | Reached skill level 1 in Invocations
  2023 | Sewer    | Reached XP level 5. HP: 31/46 MP: 4/4
  2168 | Sewer    | Found a white marble altar of Elyvilon.
  2258 | D:3      | Found a sacrificial altar of Ru.
  2317 | D:3      | Noticed Ijyb
  2325 | D:3      | Killed from afar by Ijyb

Illustrated notes

Levels and vault maps discovered:
D:1:      lemuel_arrival_river_passageway, layout_loops_corners, serial_shops,
          shop, serial_glass, glass_columns_b, glass_columns_c, glass_columns_b,
          glass_columns_c, glass_columns_b, glass_columns_a, glass_columns_c,
          glass_columns_b, glass_columns_b, glass_columns_a, glass_columns_a,
          glass_columns_a, glass_columns_b, glass_columns_a, feat_on_display,
          minmay_strange_pillars, ebering_ecumenical_altar_box,
          ebering_dispersal_statue_hall
D:2:      layout_loops_ring
D:3:      layout_basic, mainiacjoe_overflow_brackets, gup_sewer_entry_bowl,
          serial_shops, nicolae_shop_hallway_plus, nicolae_shop_statue_plus,
          grunt_ministairs_1, uniq_ijyb

Skill      XL: |  1  2  3  4 |
---------------+-------------+-----
Polearms       | 4 |  4.9
Fighting       | 3 4 |  4.1
Armour         | 1 |  1.6
Invocations    | 1 |  1.2
Throwing       | |  2.6
Dodging        | |  3.8

Action                   |  1- 3 |  4- 6 || total
-------------------------+-------+-------++-------
Melee: Trident           |    91 |    59 ||   150
       Headbutt          |     9 |     4 ||    13
       Punch             |     2 |       ||     2
  Use: Scroll            |     7 |       ||     7
       Potion            |     1 |       ||     1
Armor: Leather armour    |     9 |    11 ||    20
Dodge: Dodged            |    45 |    28 ||    73
Block: Other             |     4 |     8 ||    12

Table legend: (Time is in decaauts)
 A = Elapsed time spent in this place.
 B = Non-inter-level travel time spent in this place.
 C = Inter-level travel time spent in this place.
 D = Time resting spent in this place.
 E = Time spent auto-exploring this place.
 F = Levels seen in this place.
 G = Mean time per level.
                   A        B        C        D        E       F      G
               +--------+--------+--------+--------+--------+-----+--------+
         Total |   2380 |   2329 |     51 |     33 |   1860 |   4 |  595.0 |
       Dungeon |   1950 |   1899 |     51 |     33 |   1500 |   3 |  650.0 |
         Sewer |    429 |    429 |      0 |      0 |    360 |   1 |  429.0 |
               +--------+--------+--------+--------+--------+-----+--------+

Top non-repeatable levels by time:
     D:1: 903 daAuts
     D:2: 785 daAuts
   Sewer: 429 daAuts
     D:3: 260 daAuts
